 Dungeon Crawl Stone Soup version bcrawl-1.35.4b (webtiles) character file.

Game seed: 7009140089702573541

82439 Dulis131 the Stinger (level 3, -1/24 HPs)
             Began as a Human Venom Mage on Jan 30, 2022.
             Slain by a killer bee zombie (8 damage)
             ... on level 4 of the Dungeon.
             The game lasted 00:05:39 (1935 turns).

Dulis131 the Stinger (Human Venom Mage)             Turns: 1935, Time: 00:05:39

Health: -1/24      AC:  2    Str:  8    XL:     3   Next: 57%
Magic:  1/6        EV: 12    Int: 16    God:
Gold:   74         SH:  0    Dex: 13    Spells: 5/6 levels left

rFire    . . .     SeeInvis .     - Fists (2.6)
rCold    . . .     Gourm    .   (no shield)
rNeg     . . .     Faith    .   a - +0 robe
rPois    .         Spirit   .   (no helmet)
rElec    .         Reflect  .   (no cloak)
rCorr    .                      (no gloves)
MR       .....                  (no boots)
Stlth    ++........             (no amulet)
HPRegen  0.08/turn              (no ring)
MPRegen  0.10/turn              (no ring)

@: no status effects
A: no striking features
a: no special abilities


You were on level 4 of the Dungeon.
You were hungry.

You visited 1 branch of the dungeon, and saw 3 of its levels.

You collected 74 gold pieces.

Inventory:

Hand Weapons
 m - a cursed -1 spear
Missiles
 k - 140 javelins (quivered)
Armour
 a - a +0 robe (worn)
Scrolls
 b - 2 scrolls of fear {unknown}
 g - a scroll of blinking {unknown}
 h - 2 scrolls of teleportation {unknown}
 i - a scroll of identify
 j - a scroll of magic mapping {unknown}
 l - a scroll of remove curse {unknown}
 o - a scroll of immolation {unknown}
Potions
 c - a potion of berserk rage
 f - 2 potions of curing {unknown}
 n - 2 potions of brilliance {unknown}
Comestibles
 d - 2 chunks of flesh
 e - 3 rations {!d}


   Skills:
 + Level 2.3 Dodging
 + Level 2.6 Stealth
 + Level 2.4 Spellcasting
 + Level 1.6 Conjurations
 + Level 4.0 Poison Magic


You had 5 spell levels left.
You knew the following spells:

 Your Spells              Type           Power        Failure   Level  Hunger
a - Sting                 Conj/Pois      ##..         6%          1    None

Your spell library contained the following spells:

 Spells                   Type           Power        Failure   Level  Hunger
 Poisonous Vapours        Pois/Air       #.....       13%         2    ##.....
 Ignite Poison            Fire/Tmut/Pois #.......     34%         3    ####...
 Olgreb's Toxic Radiance  Pois           ###......    36%         4    ######.
 Summon Scorpions         Summ/Pois      #.......     65%         4    ######.
 Venom Bolt               Conj/Pois      ##........   86%         5    #######


Dungeon Overview and Level Annotations

Branches:
Dungeon (2/12)

Altars:

Shops:
D:4 =


Message History

Casting: Sting (safe; 6% risk of failure)
Confirm with . or Enter, or press ? or * to list all spells.
Aiming: Sting (safe; 6% risk of failure)
Press: ? - help, Shift-Dir - straight line, f - killer bee zombie, p - adder
Aim: a killer bee zombie The sting hits the killer bee zombie.
The killer bee zombie completely resists.
The killer bee zombie hits you!
The killer bee zombie barely misses you.
Casting: Sting (safe; 6% risk of failure)
Confirm with . or Enter, or press ? or * to list all spells.
Aiming: Sting (safe; 6% risk of failure)
Press: ? - help, Shift-Dir - straight line, f/p - killer bee zombie
Aim: a killer bee zombie The sting hits the killer bee zombie.
The killer bee zombie completely resists.
The killer bee zombie hits you!
* * * LOW HITPOINT WARNING * * *
The killer bee zombie hits you!
You die...

#### ##
#∩..## ##..
#....###..#
#...#..#
###.Z.#
#@.## #.##
#S# ..# ..#
...# ...#
....#


You could see an adder and a killer bee zombie.

Vanquished Creatures
  An ooze (D:1)
  2 dart slugs
  An orc (D:2)
  2 ball pythons (D:1)
  2 giant cockroaches (D:1)
  2 goblins (D:1)
  3 hobgoblins (D:2)
  A quokka (D:2)
  4 bats
  2 frilled lizards (D:1)
  4 kobolds
  2 rats
26 creatures vanquished.

Notes
Turn   | Place    | Note
-------+----------+-------------------------------------------
     0 | D:1      | Dulis131 the Human Venom Mage began the quest for the Orb.
     0 | D:1      | Reached XP level 1. HP: 13/13 MP: 3/3
   198 | D:1      | Reached XP level 2. HP: 19/19 MP: 0/5
  1117 | D:1      | Reached XP level 3. HP: 24/24 MP: 3/6
  1698 | D:2      | Reached skill level 4 in Poison Magic
  1930 | D:2      | You fall into a shaft and drop 2 floors!
  1930 | D:4      | Found Ireoprul's Jewellery Shop.
  1935 | D:4      | Slain by a killer bee zombie

Skill      XL: |  1  2  3 |
---------------+----------+-----
Poison Magic   | 4 |  4.0
Dodging        | |  2.3
Stealth        | |  2.6
Spellcasting   | |  2.4
Conjurations   | |  1.6

Action                   || total
-------------------------++-------
Melee: Unarmed           ||     8
 Cast: Sting             ||    61
  Eat: Chunk             ||     4
Armor: Robe              ||     2
Dodge: Dodged            ||    12
